 Dungeon Crawl Stone Soup version 0.32-a0-814-g0968bab981 (webtiles) character file.

Game seed: 12513963963018161172

18 Cloudthresher the Sneak (level 2, -3/25 HPs)
             Began as a Draconian Brigand on Mar 22, 2024.
             Slain by a goblin
             ... wielding a +0 club
             ... led by Robin
              (6 damage)
             ... on level 2 of the Dungeon.
             The game lasted 00:00:53 (1203 turns).

Cloudthresher the Sneak (Draconian Brigand)         Turns: 1203, Time: 00:00:54

Health: -3/25      AC:  5    Str: 13    XL:     2   Next: 51%
Magic:  2/2        EV: 10    Int: 11    God:
Gold:   48         SH:  0    Dex: 12    Spells: 1/1 levels left

rFire   . . .        a - +2 dagger
rCold   . . .        (no shield)
rNeg    . . .        (body armour unavailable)
rPois   .            (helmet restricted)
rElec   .            b - +0 cloak
rCorr   .            (no gloves)
SInv    .            (no boots)
Will    .....        (no amulet)
Stlth   ++           (no ring)
HPRegen 0.24/turn    (no ring)
MPRegen 0.08/turn

%: no passive effects
@: no status effects
A: AC +4, unfitting armour, cold-blooded
a: no special abilities


You were on level 2 of the Dungeon.
You visited 1 branch of the dungeon, and saw 2 of its levels.

You collected 48 gold pieces.

Inventory:

Hand Weapons
 a - a +2 dagger (weapon)
Missiles
 c - 9 poisoned darts (quivered)
 d - 3 curare-tipped darts
Armour
 b - a +0 cloak (worn)
Jewellery
 j - a +5 ring of evasion
Scrolls
 e - a scroll of blinking {unknown}
 f - a scroll of enchant armour {unknown}
 g - a scroll of poison {unknown}
 m - a scroll of butterflies {unknown}
 p - a scroll of acquirement {unknown}
 q - a scroll of enchant weapon {unknown}
 r - a scroll of fear {unknown}
Potions
 h - a potion of enlightenment {unknown}
 i - a potion of resistance {unknown}
 k - a potion of curing {unknown}
 l - a potion of attraction {unknown}
 n - a potion of heal wounds {unknown}
 o - a potion of lignification {unknown}


   Skills:
 + Level 2.5 Fighting
 - Level 2.1 Short Blades
 * Level 2.0 Throwing
 + Level 1.2 Dodging
 + Level 3.8 Stealth


You had one spell level left.
You didn't know any spells.
Your spell library was empty.

Dungeon Overview and Level Annotations

Branches:
Dungeon (2/15)

Altars:

Annotations:
D:2 Robin


Innate Abilities, Weirdness & Mutations

Your plain brown scales are hard. (AC +4)
You cannot fit into any form of body armour.
You are cold-blooded and may be slowed by cold attacks.


Message History

You are too injured to fight recklessly!
You are too injured to fight recklessly!
You are too injured to fight recklessly!
You are too injured to fight recklessly!
You are too injured to fight recklessly!
You are too injured to fight recklessly!
You are too injured to fight recklessly!
The goblin attacks as it pursues you! The goblin hits you but does no damage.
The goblin barely misses you.
Robin roars a battlecry!
The goblin goes into a battle-frenzy!
The goblin shouts!
You hear a shout!
A goblin comes into view. It is wielding a +0 dagger.
The goblin closely misses you.
A goblin comes into view. It is wielding a +0 dagger.
The goblin moves out of view.
The goblin attacks as it pursues you! The goblin hits you with a +0 club.
Robin throws the goblin at you!
You see here a scarf of harm.
You hit the goblin.
You kill the goblin!
The goblin barely misses you. Robin throws the goblin at you!
Unknown command.
You hit the goblin.
The goblin is severely wounded.
The goblin hits you with a +0 dagger.
You barely miss the goblin.
Your tail-slap misses the goblin.
The goblin is severely wounded.
Robin throws the goblin at you! The goblin hits you with a +0 dagger.
* * * LOW HITPOINT WARNING * * *
The goblin barely misses you.
Unknown command.
The hobgoblin shouts!
You hit the goblin.
You kill the goblin!
The hobgoblin no longer looks unusually strong.
The goblin hits you with a +0 club.
* * * LOW HITPOINT WARNING * * *
The goblin misses you. The goblin hits you with a +0 club.
You die...

................
##.......#.####.
~...(......).#
~~........##g##
~†...>....##..##
~)........###.g# .#
#.........####.#####..##
♣.............ggg.......
~.........##...g@.#..##
#.............###)..#
#............## #!.#
≈.............. ..#
#.............# .#
##...........## .#
.............. #
#......)....#.
#.........#...


You could see Robin, 2 hobgoblins and 3 goblins.

Vanquished Creatures
  A ball python (D:1)
  An endoplasm (D:1)
  2 giant cockroaches
  4 goblins (D:2)
  3 hobgoblins (D:1)
  2 kobolds
  2 bats (D:1)
  2 frilled lizards
  A rat (D:1)
18 creatures vanquished.

Notes
Turn   | Place    | Note
-------+----------+-------------------------------------------
     0 | D:1      | Cloudthresher the Draconian Brigand began the quest for the
                  | Orb.
     0 | D:1      | Reached XP level 1. HP: 17/17 MP: 1/1
   230 | D:1      | Reached skill level 1 in Dodging
   664 | D:1      | Reached XP level 2. HP: 25/25 MP: 2/2
  1186 | D:2      | Noticed Robin
  1203 | D:2      | Slain by a goblin

Illustrated notes

Levels and vault maps discovered:
D:1:      saegor_arrival_fortress, layout_loops_corners,
          minmay_misc_feat_pillars, minmay_tromino_v4_a
D:2:      layout_rooms, chequers_serial_rivers_marsh, minmay_tripent, uniq_robin

Skill      XL: |  1  2 |
---------------+-------+-----
Dodging        | 1 |  1.2
Throwing       | 2 |  2.0
Fighting       | |  2.5
Short Blades   | |  2.1
Stealth        | |  3.8

Action                     || total
---------------------------++-------
  Melee: Dagger            ||    70
         Tailslap          ||     7
   Stab: Sleeping          ||     3
 Armour: Skin              ||    55
  Dodge: Dodged            ||    51

Table legend: (Time is in decaauts)
 A = Elapsed time spent in this place.
 B = Non-inter-level travel time spent in this place.
 C = Inter-level travel time spent in this place.
 D = Time resting spent in this place.
 E = Time spent auto-exploring this place.
 F = Levels seen in this place.
 G = Mean time per level.
                   A        B        C        D        E       F      G
               +--------+--------+--------+--------+--------+-----+--------+
         Total |   1197 |   1149 |     48 |      0 |   1005 |   2 |  598.5 |
       Dungeon |   1197 |   1149 |     48 |      0 |   1005 |   2 |  598.5 |
               +--------+--------+--------+--------+--------+-----+--------+

Top non-repeatable levels by time:
     D:1: 1123 daAuts
     D:2: 73 daAuts
